[Event "SUI-ch Bundesturnier TP-1 2022"]
[Site "Payerne"]
[Date "2022.05.26"]
[Round "1.1"]
[White "Bauer, Christian"]
[Black "Kupalov, Igor"]
[Result "1-0"]
[ECO "E17"]
[WhiteElo "2596"]
[BlackElo "1952"]
[Annotator "TA"]
[PlyCount "35"]
[EventDate "2022.05.26"]
[EventType "swiss"]
[EventCountry "SUI"]
[SourceTitle "playchess.com"]
[Source "ChessBase"]
[SourceQuality "1"]
[TimeControl "5400+30"]

1. Nf3 Nf6 2. c4 b6 3. g3 Bb7 4. Bg2 e6 5. O-O Be7 6. d4 O-O 7. Re1 d5 8. cxd5 exd5 9. Nc3 c6 {[%emt 0:04:39] E17: Queen's Indian: 4 g3 Bb7 5 Bg2 Be7.} 10. Bf4 {[%emt 0:02:46] [#]} Bd6 $146 ({Predecessor:} 10... Na6 11. Ne5 Nc7 12. e4 dxe4 13. Nxe4 Ncd5 14. Nxf6+ Bxf6 15. Bd2 Re8 16. f4 Qd6 17. Kh1 {0-1 (75) Doric,D (2484)-Navarro Lopez Menchero,D (2326) Chess.com INT 2020}) 11. Ne5 Re8 {[%emt 0:00:57] White is slightly better.} 12. e4 dxe4 13. Qb3 Qe7 14. Nxf7 {[%emt 0:06:14] White is much more active. The black rooks are badly placed.} ({But not} 14. Bxe4 $6 Bxe5 15. Bf5 (15. Bxe5 Nbd7 $14) (15. dxe5 Nxe4 16. Nxe4 c5 $11) 15... Nbd7 $14) 14... Bxf4 (14... Qxf7 $16 {is tougher.} 15. Bxd6 Nbd7 16. Nxe4 Nxe4 17. Bxe4 (17. Rxe4 Rxe4 18. Bxe4 Qxb3 $16) 17... Qxb3 18. axb3 Nf6) 15. Nd6+ $18 {[%emt 0:07:08][%mdl 64] [#] Discovered Attack, Double Attack. White is clearly winning.} Kf8 16. Nxe8 Bd2 17. Nxf6 gxf6 18. Rxe4 {[%emt 0:00:20] White took control after the opening.  Weighted Error Value: White=0.02 (flawless) /Black=1.19} 1-0

[Event "SUI-ch Bundesturnier TP-1 2022"]
[Site "Payerne"]
[Date "2022.05.26"]
[Round "1.2"]
[White "Schoeneshoefer, Adrian"]
[Black "Laurent-Paoli, Pierre"]
[Result "0-1"]
[ECO "B13"]
[WhiteElo "2011"]
[BlackElo "2486"]
[Annotator "TA"]
[PlyCount "108"]
[EventDate "2022.05.26"]
[EventType "swiss"]
[EventCountry "SUI"]
[SourceTitle "playchess.com"]
[Source "ChessBase"]
[SourceQuality "1"]
[TimeControl "5400+30"]

1. e4 c6 2. d4 d5 3. exd5 cxd5 4. Nf3 Nc6 5. c4 Nf6 6. Nc3 a6 7. cxd5 Nxd5 8. Bc4 {[%emt 0:00:20] B13: Caro-Kann: Exchange Variation and Panov-Botvinnik Attack.} Be6 $1 {[%emt 0:02:12] [#] White must now prevent ...Nxc3. The main line 8...Be6 scores better than 8...e6.} 9. Bb3 Na5 10. Ng5 {[%emt 0:19:51] The position is equal.} Qd7 11. O-O Nxb3 {[%emt 0:03:01] [#]} 12. Qxb3 $146 ({Predecessor:} 12. axb3 Bg4 13. Qd3 e6 14. Re1 Be7 15. Qg3 Bf5 16. Nf3 O-O 17. Ne5 Qd8 18. Bh6 {0-1 (47) Huschenbeth,N (2620)-Matuszewski,M (2518) Katowice 2019}) 12... Nxc3 13. Qxc3 Bd5 14. Nf3 Rc8 15. Qe3 f6 {[%emt 0:07:24] Against Ne5} 16. Bd2 e6 17. Rfc1 Bd6 18. Rxc8+ Qxc8 19. Ne1 Kf7 20. Nd3 g5 21. Nb4 Bxb4 22. Bxb4 Qd7 23. a3 h5 24. Rc1 Bc6 25. f3 g4 26. fxg4 Rg8 27. h3 (27. Rc5 $1 $11) 27... hxg4 $17 28. h4 Qd5 29. Rc2 {[%emt 0:00:41] [#]} g3 $1 {[%emt 0:01:39] aiming for ...Qh5.} 30. Be1 Qh5 31. Rc3 (31. d5 $142 exd5 32. Qf4) 31... Qxh4 $40 {[%emt 0:01:06][%mdl 128] ( -> ...Qh2+). Black has strong attack. Black is much more active.} 32. Bxg3 Qg4 33. Kf2 (33. Qd3 $17) 33... Qf5+ $19 34. Ke2 Rg4 ({Worse is} 34... Bxg2 35. Rc7+ Kg6 36. Bf4 $17) 35. Kd2 Qd5 36. Bf2 Rxg2 37. Rc5 Qa2 38. d5 (38. Rc2 $142) 38... exd5 {[%emt 0:02:11] Really sharp!} ({And not} 38... Qxb2+ 39. Rc2 Qb5 40. dxc6 bxc6 41. Qd4 $11) 39. Qd4 (39. Rc2 $17) 39... Qb3 {[%emt 0:01:25] Hoping for ...Qf3.} 40. Ke2 {[%emt 0:02:30] Inhibits Qf3+.} (40. Rc2 {is tougher.}) 40... Rg5 $2 (40... Qh3 41. Qf4 Bb5+ 42. Rxb5 axb5 43. Qc7+ Kg6 44. Qc2+ Kg7 45. Qc7+ Kg6 46. Qc2+ Qf5) 41. Kd2 Re5 (41... Qf3 $19 {Threatens to win with ...Rg2.} 42. Rc3 Qe4 43. Qxe4 dxe4) 42. Kc1 $2 {[%emt 0:00:42] Loses the game.} (42. Qc3 $17 {keeps fighting.} Qxc3+ 43. Rxc3) 42... Re4 43. Qc3 Qxc3+ 44. Rxc3 {[%emt 0:00:09][%mdl 4096] Endgame KRB-KRB} Ke6 45. Kd2 Bb5 {[%emt 0:01:18] ...Re2+ is the strong threat.} 46. Re3 {[%emt 0:00:13] Inhibits Re2+.} Ke5 47. Bg3+ Kf5 48. Bf2 d4 49. Rf3+ (49. Rxe4 {was called for.} Kxe4 50. Bh4) 49... Ke5 (49... Kg4 $142 50. Rxf6 Re2+ 51. Kd1 d3) 50. Bg3+ Ke6 51. b3 Re2+ 52. Kc1 f5 53. a4 (53. Bb8 $142) 53... Bc6 54. Rf4 (54. Rd3) 54... Be4 {[%emt 0:00:15] Weighted Error Value: White=0.38/Black=0.24 (precise)} 0-1

[Event "SUI-ch Bundesturnier TP-1 2022"]
[Site "Payerne"]
[Date "2022.05.26"]
[Round "1.3"]
[White "Gschnitzer, Adrian"]
[Black "Yersin, Franck"]
[Result "1-0"]
[ECO "B38"]
[WhiteElo "2441"]
[BlackElo "1832"]
[Annotator "TA"]
[PlyCount "53"]
[EventDate "2022.05.26"]
[EventType "swiss"]
[EventCountry "SUI"]
[SourceTitle "playchess.com"]
[Source "ChessBase"]
[SourceQuality "1"]
[TimeControl "5400+30"]

1. e4 c5 2. Nf3 Nc6 3. d4 cxd4 4. Nxd4 g6 5. c4 Bg7 6. Be3 Nh6 {[%emt 0:00:05] 6...Qb6 is a critical line.} 7. Nc3 d6 8. h3 {[%emt 0:01:56] Prevents Ng4. B38: Sicilian: Maroczy Bind with 5...Bg7 and 7...0-0.} f5 9. exf5 Nxf5 10. Nxf5 {[%emt 0:00:26] White is slightly better.} Bxf5 11. Be2 O-O 12. O-O {[%emt 0:00:22] [#]} Rc8 $146 ({Predecessor:} 12... Qa5 13. Rc1 Rac8 14. a3 Qe5 15. Bg4 Bxg4 16. Qxg4 Qf5 17. Qe2 Rf7 18. Nd5 e6 {0-1 (49) Petukhov,D (2392)-Muromtsev,A (2272) Saratov 2009}) 13. Rc1 b6 14. Qd2 Ne5 15. Nb5 Be6 ({Black should try} 15... a6) 16. b3 $16 Qd7 17. Nd4 Rcd8 18. f4 Nf7 (18... Nc6 $16) 19. Bf3 $18 Bxd4 20. Bxd4 ({Don't take} 20. Qxd4 Qc8 21. Rce1 Bf5) 20... Bf5 21. Bd5 {[%emt 0:04:57] A strong pair of Bishops.} e6 {[%emt 0:01:26] [#]} 22. Bb2 $1 {[%emt 0:01:59] White is much more active.} exd5 23. Qd4 (23. Rfe1 $142 {Black must now prevent Qd4.} Rfe8 24. Qd4) 23... Ne5 $16 24. fxe5 $40 {[%emt 0:00:25][%mdl 128] White wants a kill.} Qg7 $2 (24... dxe5 $16 {is a better chance.} 25. Qxe5 d4) 25. Qxd5+ $18 {[%emt 0:00:43] White is clearly winning.} Qf7 26. e6 Qxe6 {[%emt 0:00:54] [#]} 27. Rxf5 $1 {[%emt 0:00:08][%mdl 512] Weighted Error Value: White=0.17 (very precise) /Black=0.48} 1-0

[Event "SUI-ch Bundesturnier TP-1 2022"]
[Site "Payerne"]
[Date "2022.05.26"]
[Round "1.4"]
[White "Gut, Lionel"]
[Black "Willems, Niels"]
[Result "1/2-1/2"]
[ECO "A58"]
[WhiteElo "1962"]
[BlackElo "2338"]
[Annotator "TA"]
[PlyCount "173"]
[EventDate "2022.05.26"]
[EventType "swiss"]
[EventCountry "SUI"]
[SourceTitle "playchess.com"]
[Source "ChessBase"]
[SourceQuality "1"]
[TimeControl "5400+30"]

1. d4 Nf6 2. c4 c5 3. d5 b5 4. cxb5 a6 5. bxa6 g6 6. Nc3 {[%emt 0:01:17] A58: Benko/Volga Gambit: Lines with 5 bxa6.} Bg7 7. e4 {[%emt 0:06:12] e5 is the strong threat.} O-O 8. Nf3 {[%emt 0:07:41] White is slightly better.} Qa5 9. Bd2 Bxa6 10. Bxa6 Qxa6 11. Qe2 d6 12. Qxa6 (12. a4 $142) 12... Nxa6 $11 13. O-O {[%emt 0:01:14] 13.Ke2 is the fancy move.} Rfb8 {[%emt 0:02:55][%mdl 1024] Black has compensation.} 14. Rab1 Nb4 15. a4 Rb7 16. Bg5 h6 {[%emt 0:14:31] [#]} 17. Bxf6 $146 ({Predecessor:} 17. Bh4 Nh5 18. Nd2 Nd3 19. Nc4 g5 20. Bg3 Rb4 21. Ne3 Nxb2 22. Nc2 Bxc3 23. Nxb4 cxb4 {0-1 (23) Keyser,R (1863)-Kuberczyk,C (2179) Hamburg 2017}) 17... Bxf6 18. Rfd1 {[%emt 0:01:05] Prevents Nd3.} Nc2 19. e5 Bg7 20. exd6 exd6 21. Nb5 Rxa4 22. Nxd6 Rb8 23. b3 Ra2 24. Nc4 (24. Ne4 $5 ) 24... Nd4 25. d6 Bf6 26. Nxd4 Bxd4 27. b4 Bxf2+ 28. Kf1 cxb4 29. d7 Bh4 30. Ne5 Rc2 {[%emt 0:02:34] Inhibits Nc6.} (30... Rf2+ $1 $15 {was preferrable.} 31. Kg1 Rc2) 31. Rdc1 (31. Rd4 $11 Be7 32. Re4) 31... Rxc1+ $15 32. Rxc1 {[%emt 0:00:01][%mdl 4096] Endgame Threatens to win with Rc8+. KRB-KRN} Rd8 33. Rd1 b3 $1 {[%emt 0:01:54] Hoping for ...b2.} 34. Nc6 Ra8 {[%emt 0:00:06] Strongly threatening ...b2.} 35. Rb1 Ra6 $1 36. d8=Q+ Bxd8 37. Nxd8 {[%emt 0:00:02] aiming for Nb7. KRN-KR} Rb6 {[%emt 0:00:10] Inhibits Nb7.} 38. Kf2 Kf8 39. Kf3 Ke7 (39... h5 {looks sharper.} 40. h4 b2 41. g3 Ke7) 40. Nc6+ Rxc6 41. Rxb3 {[%emt 0:00:06] KR-KR} Kf6 42. Ra3 Kg5 43. Kg3 Rc4 44. h3 f5 45. Rb3 Kh5 46. Rb5 Rc3+ 47. Kh2 Re3 48. Rc5 Kg5 49. Rb5 h5 50. Rc5 Kf4 (50... Ra3 $17 51. Rc6 h4) 51. Rc4+ (51. h4 $1 $11) 51... Re4 $17 52. Rc3 h4 53. Rc8 g5 54. Rh8 Ke3 (54... Rd4 $17 55. Ra8 Rd1) 55. Rg8 $11 Kf4 (55... g4 $11) 56. Rh8 $1 $17 Re2 57. Rh7 Re5 58. Rg7 Rd5 59. Rg8 Rd1 60. Rh8 Ke5 61. Re8+ Kf6 $1 62. Rf8+ {[%emt 0:00:22] [#]} Kg6 $1 63. Rg8+ {[%emt 0:00:16] [#]} Kh6 $1 64. Rf8 Rf1 65. Rg8 Kh5 66. Rg7 Re1 67. Rg8 Rd1 (67... Kh6 $17 68. Rf8 Rf1) 68. Rf8 (68. Rh8+ $1 $11 {was the only way to keep the balance.} Kg6 69. Rc8) 68... Rf1 69. Rg8 Kh6 70. Rh8+ Kg7 71. Rh5 Kg6 72. Rh8 Rc1 73. Rg8+ Kh6 74. Rf8 g4 (74... Rc5 $17 75. Kg1 Kg7) 75. hxg4 $11 {[%emt 0:00:12] The position is equal.} fxg4 76. Rh8+ Kg5 77. Rg8+ Kf5 {[%emt 0:00:04] ( -> ...g3+)} 78. Rf8+ Ke6 79. Re8+ Kf7 80. Rh8 g3+ 81. Kh3 Rh1+ 82. Kg4 Rh2 83. Rxh4 Rxg2 84. Kf3 Rg1 85. Rg4 g2 86. Rxg2 Rxg2 87. Kxg2 {[%emt 0:00:07] Weighted Error Value: White=0.09 (flawless) /Black=0.09 (flawless)} 1/2-1/2

[Event "SUI-ch Bundesturnier TP-1 2022"]
[Site "Payerne"]
[Date "2022.05.26"]
[Round "1.5"]
[White "Joie, Sebastien"]
[Black "Delmonico, Nils"]
[Result "1-0"]
[ECO "D32"]
[WhiteElo "2376"]
[BlackElo "1955"]
[Annotator "TA"]
[PlyCount "45"]
[EventDate "2022.05.26"]
[EventType "swiss"]
[EventCountry "SUI"]
[SourceTitle "playchess.com"]
[Source "ChessBase"]
[SourceQuality "1"]
[TimeControl "5400+30"]

1. c4 e6 2. Nc3 d5 3. e3 Nf6 4. Nf3 Be7 5. b3 O-O 6. Bb2 c5 7. cxd5 exd5 8. d4 Nc6 9. Be2 Be6 10. O-O Rc8 11. Rc1 Ne4 12. dxc5 Nxc5 13. Nb5 Ne4 14. Nfd4 {[%emt 0:08:36] D32: Tarrasch Defence: Sidelines and lines without g3.} Qa5 {[%emt 0:08:51] [#]} ({Black should play} 14... Bd7 $14) 15. a3 $146 (15. Nxe6 $16 fxe6 {[#]} 16. Bg4 $1) ({Predecessor:} 15. Nxe6 fxe6 16. a3 Bf6 17. Bxf6 Rxf6 18. b4 Qd8 19. Bd3 a6 20. Bxe4 axb5 21. Bd3 Qb6 {1-0 (42) Cvek,R (2517)-Oganian,M (2370) Pardubice 2015}) 15... Nxd4 $11 16. Bxd4 {[%emt 0:02:30] White has an edge.} ({Reject} 16. Qxd4 Bf6 17. Rxc8 Rxc8 18. Qxa7 Qxa7 19. Nxa7 Bxb2 $17) 16... a6 17. b4 Qd8 18. Nc3 b5 19. Bf3 Nxc3 20. Rxc3 a5 21. Rxc8 {[%emt 0:00:41] White is more active.} Qxc8 (21... Bxc8 $16 22. Be2 Bf5) 22. bxa5 $18 Bxa3 $2 {[%emt 0:02:48] [#]} (22... Qa6 23. Qa1 Qxa5) 23. Qa1 $1 {[%emt 0:00:16][%csl LRa3,LRg7] Weighted Error Value: White=0.25 (precise) /Black=0.52} 1-0

[Event "SUI-ch Bundesturnier TP-1 2022"]
[Site "Payerne"]
[Date "2022.05.26"]
[Round "1.6"]
[White "Gemelli, Romain"]
[Black "Stijve, Theo"]
[Result "0-1"]
[ECO "D85"]
[WhiteElo "2030"]
[BlackElo "2341"]
[Annotator "TA"]
[PlyCount "42"]
[EventDate "2022.05.26"]
[EventType "swiss"]
[EventCountry "SUI"]
[SourceTitle "playchess.com"]
[Source "ChessBase"]
[SourceQuality "1"]
[TimeControl "5400+30"]

1. d4 Nf6 2. c4 g6 3. Nc3 d5 4. cxd5 Nxd5 5. e4 Nxc3 6. bxc3 Bg7 7. Bg5 {[%emt 0:00:13] Recently 7.Nf3 got a lot of attention. D85: Exchange Grünfeld: Unusual White 7th moves and lines with 7 Nf3.} c5 8. Rc1 O-O 9. Nf3 {[%emt 0:02:28] The position is equal.} Bg4 10. d5 Qd6 11. h3 Bxf3 12. gxf3 {[%emt 0:00:08] [#]} ({White should play} 12. Qxf3 $11 Nd7 13. Bb5) 12... f5 $146 ({Predecessor:} 12... Nd7 13. Qd2 e6 14. Be2 exd5 15. Qxd5 Qxd5 16. exd5 Rfe8 17. Be3 Re5 18. c4 Rae8 {1-0 (49) Koller,H (2120)-Heigerer,S (2037) Neumarkt am Wallersee 2016}) 13. Qb3 (13. Bc4 $15 Rf7 14. Be3) 13... Nd7 {[%emt 0:09:03] Threatens to win with ...fxe4.} 14. Be2 ({Wrong is} 14. Qxb7 $2 fxe4 15. Be3 (15. fxe4 $2 Qe5 $19) 15... exf3 $19) 14... fxe4 15. fxe4 Qe5 16. Bxe7 {[%emt 0:04:37] [#] This costs White the game.} c4 $1 $19 (16... Qxe7 $2 17. d6+ Qf7 18. Bc4 $18) ({Inferior is} 16... Qxe4 17. Bxf8 Qxh1+ 18. Kd2 Qxh3 19. Bxg7 $17) 17. Qb4 (17. Qxc4 Qxe7 18. d6+ Qf7 19. O-O) 17... Qxe4 {[%emt 0:01:21] Black is clearly winning.} 18. Bxf8 (18. O-O $142 Qxe2 19. Bxf8 Rxf8 20. Rce1) 18... Qxh1+ 19. Kd2 Qxd5+ 20. Ke1 Re8 ({Not} 20... Bxf8 21. Bxc4 Bxb4 22. Bxd5+ Kh8 23. cxb4 $14) 21. Bxg7 Nc5 {[%emt 0:06:17] Weighted Error Value: White=0.93/Black=0.03 (flawless)} 0-1

[Event "SUI-ch Bundesturnier TP-1 2022"]
[Site "Payerne"]
[Date "2022.05.26"]
[Round "1.7"]
[White "Bondar, Yevgen"]
[Black "Deveci, Sinan"]
[Result "0-1"]
[ECO "C55"]
[WhiteElo "2327"]
[BlackElo "1931"]
[Annotator "TA"]
[PlyCount "62"]
[EventDate "2022.05.26"]
[EventType "swiss"]
[EventCountry "SUI"]
[SourceTitle "playchess.com"]
[Source "ChessBase"]
[SourceQuality "1"]
[TimeControl "5400+30"]

1. e4 e5 2. Nf3 Nc6 3. Bc4 Nf6 4. d3 Be7 5. c3 O-O 6. Nbd2 d6 {[%emt 0:01:40] C55: Two Knights: 4 d3, 4 d4 exd4 5 e5 and Max Lange Attack.} 7. Bb3 Na5 8. Bc2 c5 {[%emt 0:00:02] The position is equal.} 9. Nf1 h6 10. Ne3 {[%emt 0:03:46] [#]} a6 $146 ({Predecessor:} 10... Be6 11. O-O Nc6 12. b3 b5 13. d4 cxd4 14. cxd4 exd4 15. Nxd4 Qb6 16. Bb2 Nb4 {0-1 (32) Mehlen,T (1865)-Haftmann,R (1718) Hofheim 2019}) 11. h3 Nc6 12. g4 d5 13. Qe2 b5 $36 {[%emt 0:11:56][%mdl 2048] Black has the initiative.} 14. Rg1 d4 15. Nf5 Bxf5 16. gxf5 Kh8 17. Bd2 Nd7 18. O-O-O Nb6 {[%emt 0:02:56] [#]} (18... dxc3 $11 {remains equal.} 19. bxc3 a5) 19. Rxg7 $2 {[%emt 0:14:36][%mdl 8192] This costs White the game.} Kxg7 $19 20. Rg1+ Kh7 21. Ng5+ $2 (21. cxd4 {is tougher.} cxd4 22. Bb3) 21... Bxg5 {[%emt 0:02:38] Black is clearly winning.} 22. Bxg5 (22. Rxg5 $142 hxg5 23. Qh5+ Kg7 24. Bxg5) 22... Rg8 23. Bxd8 Rxg1+ 24. Kd2 Rxd8 25. Qh5 Kg7 26. Bd1 c4 {[%emt 0:03:56][%cal Bc5c4,Bc4d3][%mdl 32] [#] White must now prevent ...dxc3+.} 27. f6+ Kxf6 28. Qxh6+ Rg6 29. Qh4+ Kg7 {[%emt 0:00:09] Threatens to win with ...dxc3+.} 30. Bg4 dxc3+ 31. bxc3 cxd3 {[%emt 0:01:50] Weighted Error Value: White=1.00/Black=0.16 (very precise)} 0-1

[Event "SUI-ch Bundesturnier TP-1 2022"]
[Site "Payerne"]
[Date "2022.05.26"]
[Round "1.8"]
[White "Kostov, Kiril"]
[Black "Colmenares, Aurelio"]
[Result "1/2-1/2"]
[ECO "B68"]
[WhiteElo "2068"]
[BlackElo "2318"]
[Annotator "TA"]
[PlyCount "75"]
[EventDate "2022.05.26"]
[EventType "swiss"]
[EventCountry "SUI"]
[SourceTitle "playchess.com"]
[Source "ChessBase"]
[SourceQuality "1"]
[TimeControl "5400+30"]

1. e4 c5 2. Nf3 Nc6 3. d4 cxd4 4. Nxd4 Nf6 5. Nc3 d6 6. Bg5 e6 7. f4 Be7 8. Qd2 a6 9. O-O-O Bd7 10. Nf3 b5 11. e5 b4 {[%emt 0:04:18] B68: Sicilian: Richter-Rauzer: 7...a6 8 0-0-0 Bd7 9 f4 Be7 .} 12. Ne2 {[%emt 0:09:36] [#]} (12. exf6 $11 bxc3 13. Qxc3 gxf6 14. Bh4) 12... Ne4 $146 ({Predecessor:} 12... dxe5 13. fxe5 Nd5 14. h4 h6 15. Bxe7 Qxe7 16. Ned4 Nxd4 17. Qxd4 O-O 18. Bd3 Rfc8 19. Rh3 {1-0 (34) Haussernot,C (2155)-Degardin,S (2291) Chess.com INT 2022}) 13. Bxe7 Qa5 (13... Qxe7 $11 14. Qe1 d5) 14. Qe3 $1 $16 d5 15. Bd6 {[%emt 0:04:08] And now Kb1 would win.} Qxa2 16. Nd2 Na5 (16... Nxd6 $16 17. exd6 a5) 17. Nd4 $18 (17. Nxe4 Nc4 18. Nf6+ gxf6) 17... Rc8 $2 (17... Nxd6 18. exd6 O-O) 18. Nxe4 dxe4 19. Qg3 Ba4 (19... Qa1+ $2 20. Kd2 Qxb2 21. Qxg7 $1 Qxd4+ 22. Ke1 Qc3+ 23. Kf2 e3+ 24. Kg1 $18) (19... e3 $142 20. Qxe3 b3) 20. Kd2 Qxb2 21. Ke1 Bxc2 22. Qg5 Rc7 {[%emt 0:00:34] [#] Prevents Qe7+.} 23. Bxc7 (23. Bxa6 $142 $1 {Intending Bb5+ and mate.} Bd3 24. Bb5+ Bxb5 25. Nxb5 (25. Bxc7 Qc3+ 26. Kf2 e3+ 27. Kg3 e2+ 28. Kh4 O-O $16)) 23... O-O 24. Bd6 $2 (24. Bxa5 Qc3+ 25. Kf2 (25. Rd2 $2 e3 $19) 25... e3+ 26. Kg1 Bxd1 $17) (24. Nxc2 $18 Qc3+ 25. Rd2) 24... Bxd1 $4 (24... Qc3+ $15 {stays ahead.} 25. Kf2 (25. Rd2 $2 e3 $19) 25... Bxd1) 25. Bxf8 $2 {[%emt 0:00:14] Chess con chili.} ({Only move:} 25. Nxe6 $1 $18 fxe6 26. Bxf8 Qc3+ 27. Kxd1 Qd4+ 28. Ke2 Kxf8 29. f5) 25... Qc3+ $11 26. Kxd1 Qxd4+ 27. Ke1 Kxf8 28. Qg3 $2 {[%emt 0:00:44] [#]} (28. Bxa6 $11 {and White stays safe.} Nc6 29. Bb7 (29. Bb5 $2 e3 $19)) 28... e3 (28... g6 $1 $19 {Strongly threatening ...b3.} 29. Qf2 Qa1+ 30. Ke2 b3) 29. Ke2 $17 Nc4 {[%emt 0:00:25][%mdl 1024] Black has strong compensation.} 30. Kf3 $2 (30. Qe1 $17 {was the crucial defense.} Nd2 31. g3 (31. Qc1 g5 $17)) 30... Nd2+ $19 ({Less strong is} 30... e2 31. Kxe2 Ke7 32. Qd3 (32. Kf3 Nd2+ 33. Ke2 Nc4 $14) 32... Qxf4 33. g3 Qxe5+ 34. Kf3 $16) 31. Kg4 Qe4 $2 (31... Ne4 $19 32. Qe1 g5) 32. Qh4 (32. Bxa6 $11 b3 33. Kh3) 32... f5+ $2 ({Better is} 32... Qf5+ $19 33. Kg3 g5) 33. exf6 {[%emt 0:00:23] The position is equal.} Nxf1 34. fxg7+ Kxg7 35. Qe7+ Kg8 {[%emt 0:00:25] aiming for ...Qg6+.} 36. Qe8+ ({Of course not} 36. Qg5+ Kf7 37. Qh5+ Ke7 38. Qc5+ Kd7 39. Qa7+ Ke8 40. Rxf1 Qxg2+ 41. Kh5 Qxf1 $17) 36... Kg7 37. Qe7+ Kg6 {[%emt 0:00:30] ( -> ...h5+)} 38. Qe8+ {[%emt 0:00:20] Never resign too early!  Weighted Error Value: White=0.97/Black=1.03} 1/2-1/2

[Event "SUI-ch Bundesturnier TP-1 2022"]
[Site "Payerne"]
[Date "2022.05.26"]
[Round "1.9"]
[White "Sutter, Oliver"]
[Black "Ruchat, Blaise"]
[Result "1-0"]
[ECO "A68"]
[WhiteElo "2316"]
[BlackElo "1883"]
[Annotator "TA"]
[PlyCount "51"]
[EventDate "2022.05.26"]
[EventType "swiss"]
[EventCountry "SUI"]
[SourceTitle "playchess.com"]
[Source "ChessBase"]
[SourceQuality "1"]
[TimeControl "5400+30"]

1. d4 Nf6 2. c4 g6 3. Nc3 Bg7 4. e4 d6 5. f4 O-O 6. Nf3 c5 7. d5 e6 8. Be2 exd5 9. cxd5 Bg4 10. O-O a6 {[%emt 0:03:19] A68: Modern Benoni: Four Pawns Attack without 9...Re8.} (10... Re8 $11) 11. e5 Nfd7 {[%emt 0:06:03] [#]} (11... dxe5 $1 $14 12. fxe5 Nfd7) 12. e6 $1 $18 (12. exd6 Re8 $11) 12... fxe6 {[%emt 0:22:48] [#] White is clearly better.} 13. Ng5 $1 ({Less strong is} 13. dxe6 Nf6 $14) 13... Bxe2 14. Qxe2 {[%emt 0:08:58] [#]} e5 $146 (14... Qe7 {keeps fighting.}) ({Predecessor:} 14... exd5 15. Qe6+ Kh8 16. Nxd5 Nf6 17. Qh3 Nbd7 18. f5 gxf5 19. Ne6 Nxd5 20. Nxd8 Raxd8 21. Bg5 Rde8 22. Rxf5 Bxb2 23. Rxf8+ Nxf8 24. Rd1 Bd4+ 25. Rxd4 cxd4 26. Qf5 {1-0 (26) Negro,R (2164)-Bednarich,J (1930) Asiago 1995}) 15. Ne6 Qh4 16. g3 ({Don't do} 16. Nxf8 Nxf8 17. g3 Qh5 18. Qxh5 gxh5 19. fxe5 Bxe5 $18) 16... Qe7 17. Nxf8 Nxf8 18. f5 {[%emt 0:02:49] Ne4 is the strong threat.} Nbd7 19. Ne4 b5 (19... g5 $142 20. Bxg5 Nf6 21. Bxf6 Bxf6) 20. Bg5 Bf6 21. Nxf6+ Nxf6 22. fxg6 N8d7 23. gxh7+ Kxh7 24. Rxf6 Nxf6 25. Rf1 Rf8 26. Qf2 {[%emt 0:00:02] Black got outplayed after the opening.  Weighted Error Value: White=0.30/Black=0.63} 1-0

[Event "SUI-ch Bundesturnier TP-1 2022"]
[Site "Payerne"]
[Date "2022.05.26"]
[Round "1.10"]
[White "Bonferroni, Thierry"]
[Black "Rohrer, Christophe"]
[Result "0-1"]
[ECO "E14"]
[WhiteElo "1950"]
[BlackElo "2285"]
[Annotator "TA"]
[PlyCount "40"]
[EventDate "2022.05.26"]
[EventType "swiss"]
[EventCountry "SUI"]
[SourceTitle "playchess.com"]
[Source "ChessBase"]
[SourceQuality "1"]
[TimeControl "5400+30"]

1. d4 Nf6 2. c4 e6 3. Nf3 d5 4. e3 b6 5. Nbd2 Bb7 6. Bd3 Nbd7 7. b3 Bd6 8. Bb2 O-O 9. O-O Ne4 10. Rc1 f5 $1 {[%emt 0:08:54] 10...f5 is better than 10...Qe7. E14: Queen's Indian: Classical Variation (4 e3).} 11. Ne5 Nxe5 12. dxe5 Bb4 {[%emt 0:02:07] Black has an edge.} 13. Nf3 Qe7 {[%emt 0:08:17] [#]} 14. Nd4 $146 ({Predecessor:} 14. cxd5 Bxd5 15. Qc2 Nc5 16. Be2 a5 17. Rfd1 f4 18. Rxd5 exd5 19. a3 fxe3 20. fxe3 {0-1 (31) Sevian,S (2660)-Tabatabaei,M (2629) Chess.com INT 2020}) 14... c5 15. Nb5 Nd2 (15... a6 $15 16. Nd6 Nxd6 17. exd6 Qxd6) 16. a3 $1 $14 Ba5 17. Re1 $2 {[%emt 0:02:31][%mdl 8192] Now White is beyond hope.} (17. b4 $1 $14 {stays ahead.} Nxf1 18. bxa5) 17... dxc4 $19 18. bxc4 $2 (18. Bxc4 Qg5 19. Bxe6+ Kh8 20. e4 Nxe4 21. Rxe4 fxe4 22. Nd6) 18... Qg5 {[%emt 0:00:39][%csl Gb7][%cal Rg5g2] [#] Black is clearly winning.} 19. e4 fxe4 20. Bf1 Nf3+ {[%emt 0:01:41] Weighted Error Value: White=1.15/Black=0.20 (precise)} 0-1